 Dungeon Crawl Stone Soup version 0.22-a0-407-gb098539 (webtiles) character file.

275 dstrtnsr the Chopper (level 6, -2/56 HPs)
             Began as a Hill Orc Berserker on May 10, 2018.
             Was a Follower of Trog.
             Slain by Grinder (9 damage)
             ... on level 4 of the Dungeon.
             The game lasted 00:01:31 (2229 turns).

dstrtnsr the Chopper (Hill Orc Berserker)           Turns: 2229, Time: 00:01:31

Health: -2/56      AC:  2    Str: 22    XL:     6   Next: 25%
Magic:  6/6        EV: 12    Int:  7    God:    Trog [*.....]
Gold:   106        SH:  0    Dex: 10    Spells: 5/5 levels left

rFire    . . .     SeeInvis .   a - +0 hand axe
rCold    . . .     Gourm    .   (no shield)
rNeg     . . .     Faith    .   b - +0 animal skin
rPois    .         Spirit   .   (no helmet)
rElec    .         Reflect  .   (no cloak)
rCorr    .         Harm     .   (no gloves)
MR       ++...                  (no boots)
Stlth    +.........             (no amulet)
HPRegen  1.18/turn              (no ring)
MPRegen  0.10/turn              (no ring)

@: lethally poisoned (-2 -> -2), starving, regenerating
A: no striking features
a: Berserk, Renounce Religion


You were on level 4 of the Dungeon.
You worshipped Trog.
Trog was aware of your devotion.
You were starving.

You visited 1 branch of the dungeon, and saw 4 of its levels.

You collected 106 gold pieces.

Inventory:

Hand Weapons
 a - a +0 hand axe (weapon)
Missiles
 h - 2 throwing nets (quivered)
Armour
 b - a +0 animal skin (worn)
Wands
 V - a wand of digging (18)
Scrolls
 c - 2 scrolls of fear {unknown}
 f - 3 scrolls of identify {unknown}
 j - a scroll of random uselessness {unknown}
 k - 2 scrolls of teleportation {unknown}
 l - a scroll of enchant armour {unknown}
 m - a scroll of remove curse {unknown}
Potions
 d - a potion of flight {unknown}
 g - 2 potions of curing {unknown}
 i - a potion of magic {unknown}
 n - a potion of haste {unknown}
Comestibles
 e - 3 rations {!d}


   Skills:
 + Level 5.5 Fighting
 * Level 7.7 Axes
 - Level 2.1 Armour
 - Level 1.5 Dodging


You had 5 spell levels left.
You didn't know any spells.

Dungeon Overview and Level Annotations

Branches:
Dungeon (4/15)             Temple (0/1) D:4

Altars:
Ashenzari
Uskayaw
Vehumet
Xom
The Shining One

Annotations:
D:4 Grinder


Message History

HP restored.
There is a stone staircase leading up here.
e - 3 rations {!d} (gained 1)
You now have 106 gold pieces (gained 9).
Key pressed, stopping explore.
You start waiting.
V - a wand of digging (18)
A hound comes into view.
The hound barks!
You hear a shout!
A hound is nearby!
A hound is nearby!
A hound is nearby!
A hound is nearby!
A hound is nearby!
A hound is nearby!
The hound closely misses you.
A hound is nearby!
You barely miss the hound. The hound bites you.
You hit the hound.
The hound is moderately wounded.
The hound bites you. The hound barely misses you.
Grinder comes into view.
You hit the hound.
The hound is severely wounded.
The hound closely misses you.
You hit the hound.
The hound is almost dead.
The hound completely misses you.
You hit the hound.
You kill the hound!
Trog accepts your kill. Grinder gestures at you. Pain shoots through your body!
Found a ration.
Found a staircase to the Ecumenical Temple.
You see here a hound corpse.
A worker ant comes into view.
The worker ant moves out of view.
Grinder gestures at you.
You barely resist. Grinder gestures at you.
You suddenly lose the ability to move!
Grinder gestures at you.
You shrug off the repeated paralysis!
Grinder hits you but does no damage.
You can move again.
Unknown command.
Okay, then.
You barely miss Grinder. Grinder hits you!
You writhe in agony.
Unknown command.
Unknown command.
Your skin crawls.
You feel resistant to hostile enchantments.
You feel somewhat more hungry.
You can no longer call upon Trog for regeneration and magic resistance.
Grinder hits you!
You writhe in agony.
Unknown command.
You hit Grinder.
Grinder is lightly wounded.
Grinder closely misses you.
You closely miss Grinder. You barely miss the worker ant.
The worker ant bites you.
You are poisoned.
The worker ant poisons you! Grinder barely misses you.
The worker ant bites you but does no damage.
You're too hungry.
You are too injured to fight recklessly!
You are too injured to fight recklessly!
You are too injured to fight recklessly!
You are too injured to fight recklessly!
You hit Grinder.
Grinder is lightly wounded.
You barely miss the worker ant.
You feel the effects of Trog's Hand fading.
You are starving!
You feel sick. The worker ant bites you.
* * * LOW HITPOINT WARNING * * *
You are more poisoned.
The worker ant poisons you!
You hit Grinder.
Grinder is lightly wounded.
You hit the worker ant but do no damage.
You feel sick. Grinder hits you.
* * * LOW HITPOINT WARNING * * *
You writhe in agony.
* * * LOW HITPOINT WARNING * * *
The worker ant misses you.
You hit Grinder.
Grinder is lightly wounded.
You barely miss the worker ant.
You feel sick. Grinder closely misses you. The worker ant bites you.
* * * LOW HITPOINT WARNING * * *
You hit Grinder.
Grinder is lightly wounded.
You closely miss the worker ant.
You feel sick. Grinder misses you. The worker ant closely misses you.
You hit Grinder but do no damage.
Grinder is lightly wounded.
You hit the worker ant.
You feel sick. Grinder hits you!
You die...

#......<.......##
####+#..........#
#..........+
#..........#####
#.####...........
#.#..........####
#.#...†......#
#.#......$...#
#.#.@........#
#5a........#
............#
..#.8.#.......#
... ............#
.. .8.>.8....%..#
. .......#######
...#.8.##


You could see Grinder and a worker ant.

Vanquished Creatures
  The ghost of Tungsten the Chiller, an amateur DgIE (D:4)
  A hound (D:4)
  An orc priest (D:3)
  5 adders
  2 adder skeletons
  A worm (D:3)
  A dart slug (D:1)
  A leopard gecko (D:3)
  6 orcs (D:3)
  A ball python (D:1)
  2 bats
  3 goblins (D:2)
  4 hobgoblins
  3 frilled lizards (D:1)
  3 kobolds (D:2)
  2 rats
37 creatures vanquished.

Vanquished Creatures (others)
  4 toadstools (D:1)
4 creatures vanquished.

Grand Total: 41 creatures vanquished

Notes
Turn   | Place    | Note
-------+----------+-------------------------------------------
     0 | D:1      | dstrtnsr the Hill Orc Berserker began the quest for the Orb.
     0 | D:1      | Reached XP level 1. HP: 19/19 MP: 1/1
   272 | D:2      | Reached XP level 2. HP: 21/27 MP: 2/2
   689 | D:2      | Reached skill level 5 in Axes
   689 | D:2      | Reached XP level 3. HP: 33/33 MP: 3/3
   721 | D:2      | HP: 13/33 [poisoned by an adder]
  1092 | D:2      | HP: 11/33 [adder (5)]
  1098 | D:2      | HP: 7/34 [poisoned by an adder]
  1103 | D:2      | HP: 7/51 [poisoned by an adder]
  1110 | D:2      | HP: 6/51 [poisoned by an adder]
  1115 | D:2      | HP: 5/51 [poisoned by an adder]
  1475 | D:3      | Reached XP level 4. HP: 41/41 MP: 4/4
  1519 | D:3      | Reached skill level 6 in Axes
  1604 | D:3      | Found a hide-covered altar of Uskayaw.
  1604 | D:3      | Found a shattered altar of Ashenzari.
  1606 | D:3      | Found a glowing golden altar of the Shining One.
  1606 | D:3      | Found a radiant altar of Vehumet.
  1951 | D:3      | Reached XP level 5. HP: 40/47 MP: 5/5
  1952 | D:3      | Found a shimmering altar of Xom.
  2120 | D:4      | Noticed Tungsten's ghost (amateur DgIE)
  2134 | D:4      | Killed Tungsten's ghost
  2134 | D:4      | Reached ** piety under Trog
  2134 | D:4      | Reached skill level 5 in Fighting
  2134 | D:4      | Reached skill level 7 in Axes
  2134 | D:4      | Reached XP level 6. HP: 56/56 MP: 6/6
  2213 | D:4      | Noticed Grinder
  2216 | D:4      | Found a staircase to the Ecumenical Temple.
  2218 | D:4      | Paralysed by Grinder for 3 turns
  2222 | D:4      | HP: 20/56 [Grinder (3)]
  2226 | D:4      | HP: 9/56 [Grinder (3)]
  2229 | D:4      | Slain by Grinder

Vault maps used:
D:1:      ldierk_walled_garden_2
D:2:      grunt_temple_overflow_forces_of_nature,
          nicolae_overflow_crystal_walls, interstate_on_off
D:3:      brannock_xom_greatest_gift, kennysheep_vampire_church, tgw_trog,
          chequers_temple_overflow_statue_of_worship,
          kennysheep_generic_room_12, uniq_sigmund
D:4:      old_forge, minmay_temple_entry_statues_pillars, st_stairs_13,
          nzn_random_ring, uniq_pikel, uniq_grinder

Skill      XL: |  1  2  3  4  5 |
---------------+----------------+-----
Fighting       | 4 5 |  5.5
Axes           | 5 6 7 |  7.7
Armour         | |  2.1
Dodging        | |  1.5

Action                   |  1- 3 |  4- 6 || total
-------------------------+-------+-------++-------
Melee: Hand axe          |    81 |    66 ||   147
Invok: Berserk           |     4 |     3 ||     7
       Trog's Hand       |       |     1 ||     1
  Use: Potion            |     1 |       ||     1
 Stab: Sleeping          |       |     1 ||     1
  Eat: Chunk             |     2 |     3 ||     5
       Ration            |     1 |       ||     1
Armor: Animal skin       |    10 |     8 ||    18
Dodge: Dodged            |    51 |    37 ||    88

Table legend:
 A = Spawn XP
 B = Non-spawn XP
 C = Spawn XP percentage of total XP
 D = Spawn monster count
 E = Non-spawn monster count
 F = Spawn count percentage of total count
 G = Total turns spent on level
                    A         B        C        D         E        F      G
               +---------+---------+-------+---------+---------+-------+---------
         Total |       0 |     394 |   0.0 |       0 |      37 |   0.0 |  2229
               +---------+---------+-------+---------+---------+-------+---------
           D:1 |       0 |       9 |   0.0 |       0 |       5 |   0.0 |   264
           D:2 |       0 |      62 |   0.0 |       0 |      14 |   0.0 |  1202
           D:3 |       0 |     100 |   0.0 |       0 |      15 |   0.0 |   654
           D:4 |       0 |     223 |   0.0 |       0 |       3 |   0.0 |   109
               +---------+---------+-------+---------+---------+-------+---------
